 Dungeon Crawl Stone Soup version 0.22-a0-443-g17c3723 (webtiles) character file.

44 cultivahabas the Grave Robber (level 3, -3/20 HPs)
             Began as a Deep Elf Necromancer on June 1, 2018.
             Slain by a leopard gecko (5 damage)
             ... on level 2 of the Dungeon.
             The game lasted 00:04:56 (2000 turns).

cultivahabas the Grave Robber (DENe)                Turns: 2000, Time: 00:04:56

Health: -3/20      AC:  2    Str:  5    XL:     3   Next: 41%
Magic:  5/10       EV: 13    Int: 20    God:
Gold:   93         SH:  0    Dex: 15    Spells: 4/9 levels left

rFire    . . .     SeeInvis .   d - +0 dagger
rCold    . . .     Gourm    .   (no shield)
rNeg     . . .     Faith    .   a - +0 robe
rPois    .         Spirit   .   (no helmet)
rElec    .         Reflect  .   (no cloak)
rCorr    .         Harm     .   (no gloves)
MR       .....                  (no boots)
Stlth    ++........             (no amulet)
HPRegen  0.06/turn              (no ring)
MPRegen  0.12/turn              (no ring)

@: no status effects
A: no striking features
a: no special abilities


You were on level 2 of the Dungeon.
You were not hungry.

You visited 1 branch of the dungeon, and saw 4 of its levels.

You collected 93 gold pieces.

Inventory:

Hand Weapons
 d - a +0 dagger (weapon)
Missiles
 h - 48 stones (quivered)
Armour
 a - a +0 robe (worn)
Jewellery
 e - an uncursed amulet of regeneration {unknown}
 g - an uncursed ring of protection from magic {unknown}
Scrolls
 f - 4 scrolls of identify {unknown}
 i - a scroll of teleportation {unknown}
 l - a scroll of amnesia {unknown}
Potions
 b - 2 potions of curing {unknown}
 j - a potion of invisibility {unknown}
 k - 2 potions of lignification {unknown}
Comestibles
 c - a ration


   Skills:
 + Level 0.9 Fighting
 - Level 2.4 Dodging
 - Level 2.4 Stealth
 + Level 3.7 Spellcasting
 * Level 0.3 Charms
 + Level 5.6 Necromancy


You had 4 spell levels left.
You knew the following spells:

 Your Spells              Type           Power        Failure   Level  Hunger
a - Pain                  Necr           ####         1%          1    None
b - Animate Skeleton      Necr           N/A          1%          1    None
c - Regeneration          Chrm/Necr      ###.......   12%         3    ###....

Your spell library contained the following spells:

 Spells                   Type           Power        Failure   Level  Hunger
 Animate Dead             Necr           N/A          13%         4    ####...
 Vampiric Draining        Necr           ####......   3%          3    ###....


Dungeon Overview and Level Annotations

Branches:
Dungeon (4/15)
 Temple: D:4-7

Altars:
Trog


Message History

The leopard gecko is moderately wounded.
The leopard gecko misses you. The leopard gecko bites you.
You hit the leopard gecko.
The leopard gecko is severely wounded.
The leopard gecko bites you.
You closely miss the leopard gecko.
The leopard gecko is severely wounded.
The leopard gecko bites you.
* * * LOW HITPOINT WARNING * * *
You closely miss the leopard gecko.
The leopard gecko is severely wounded.
The leopard gecko bites you.
* * * LOW HITPOINT WARNING * * *
Casting: Pain (safe; 1% risk of failure)
Confirm with . or Enter, or press ? or * to list all spells.
Aiming: Pain (safe; 1% risk of failure)
Press: ? - help, Shift-Dir - straight line, f/p - leopard gecko
Aim: a leopard gecko (severely wounded, chance to defeat MR: 93%)
The leopard gecko writhes in agony!
The leopard gecko bites you.
You die...

#..# #.)# #
..# .# #.###.
#$#.. #.#.#
###.#.## #
#..l...## #.
#.#@....# #.
#.#.....#
#.####>#.....#
#..........##
##........##
#.##.###...##
#. #.# #._..#
#. #.# #....#
# #.# ##...#


You could see a leopard gecko.

Vanquished Creatures
  An adder (D:3)
  A leopard gecko (D:1)
  4 bats
  A giant cockroach (D:1)
  4 goblins
  3 hobgoblins
  3 jackals (D:4)
  2 quokkas (D:2)
  6 frilled lizards
  4 kobolds
  4 rats
33 creatures vanquished.

Notes
Turn   | Place    | Note
-------+----------+-------------------------------------------
     0 | D:1      | cultivahabas the Deep Elf Necromancer began the quest for the Orb.
     0 | D:1      | Reached XP level 1. HP: 10/10 MP: 6/6
     2 | D:1      | Learned a level 1 spell: Animate Skeleton
    21 | D:1      | Reached skill level 5 in Necromancy
   405 | D:1      | Reached XP level 2. HP: 15/15 MP: 5/8
  1325 | D:2      | You fall through a shaft for 2 floors!
  1617 | D:3      | Reached XP level 3. HP: 17/20 MP: 6/10
  1701 | D:3      | Learned a level 3 spell: Regeneration
  1820 | D:2      | Found a bloodstained altar of Trog.
  2000 | D:2      | Slain by a leopard gecko

Vault maps used:
D:1:      dpeg_arrival_arbitrary_b
D:2:      bloody_trog
D:3:      roderic_malta_cross, kennysheep_cluttered_room
D:4:      first_ration, minmay_three_crescents, uniq_menkaure

Skill      XL: |  1 |
---------------+----+-----
Necromancy     | 5 |  5.6
Fighting       | |  0.9
Dodging        | |  2.4
Stealth        | |  2.4
Spellcasting   | |  3.7
Charms         | |  0.3

Action                   || total
-------------------------++-------
Melee: Dagger            ||    28
 Cast: Pain              ||    47
       Animate Skeleton  ||    11
       Regeneration      ||     2
 Stab: Sleeping          ||     1
  Eat: Chunk             ||     3
Armor: Robe              ||     3
Dodge: Dodged            ||    42

Table legend:
 A = Spawn XP
 B = Non-spawn XP
 C = Spawn XP percentage of total XP
 D = Spawn monster count
 E = Non-spawn monster count
 F = Spawn count percentage of total count
 G = Total turns spent on level
                    A         B        C        D         E        F      G
               +---------+---------+-------+---------+---------+-------+---------
         Total |       0 |      64 |   0.0 |       0 |      33 |   0.0 |  2000
               +---------+---------+-------+---------+---------+-------+---------
           D:1 |       0 |      28 |   0.0 |       0 |      17 |   0.0 |  1254
           D:2 |       0 |      10 |   0.0 |       0 |       6 |   0.0 |   251
           D:3 |       0 |      20 |   0.0 |       0 |       7 |   0.0 |   245
           D:4 |       0 |       6 |   0.0 |       0 |       3 |   0.0 |   250
               +---------+---------+-------+---------+---------+-------+---------
